AoeStats
← siemen2311

Arabia

508927748Analyzed
1v1 RM · 8d ago on Sep 24, 2026· 28m 45s· 2 players
Game mode
Random Map
Map size
Tiny (2 player)
Population
200
Speed
Normal
Resources
Standard
Victory
Conquest
Starting age
Dark Age
Ending age
Imperial Age
RankedLock teamsTeams togetherTeam positionsShared explorationLock speedFull tech treeHidden civsTurbo modeCheats
Victory
Defeat
🇧🇷 Khmer · Brazil
1044
+14
🇳🇱 Bulgarians · Netherlands
998
-40
siemen2311
12:09 Feudal Age
10:27 Loom
12:00 Loom
19:01 Castle Age
18:32 Double-Bit Axe
18:31 Horse Collar
23:35 Husbandry
BaCuRaL5167
7:55 Loom
10:05 Feudal Age
14:43 Scale Barding Armor
16:02 Double-Bit Axe
22:12 Castle Age
23:46 Husbandry
24:51 Forging
24:54 Bloodlines
25:10 Pikeman
Connection lost

Rejoining the realm…

Still unreachable

The connection could not be restored.

Session expired

The server has moved on; the page needs a fresh start.